 Dungeon Crawl Stone Soup version 0.29-a0-284-gf9362112df (webtiles) character file.

Game seed: 15572922988128655776

4302 spaghetti the Carver (level 10, -4/71 HPs)
             Began as a Demonspawn Berserker on Mar 30, 2022.
             Was a Priest of Trog.
             Shot with an arrow by a centaur (11 damage)
             ... on level 8 of the Dungeon.
             The game lasted 00:15:23 (7102 turns).

spaghetti the Carver (Demonspawn Berserker)         Turns: 7102, Time: 00:15:24

Health: -4/71      AC: 15    Str: 18    XL:     10   Next: 11%
Magic:  10/10      EV: 13    Int:  9    God:    Trog [***...]
Gold:   338        SH:  0    Dex: 16    Spells: 9/9 levels left

rFire   . . .      SeeInvis .   N - +0 falchion (elec) {long}
rCold   . . .      Faith    .   (no shield)
rNeg    . . .      Spirit   .   k - +0 plate armour
rPois   .          Reflect  .   c - +1 helmet
rElec   .          Harm     .   (no cloak)
rCorr   .          Rampage  .   (no gloves)
Will    .....                   (no boots)
Stlth   ..........              (no amulet)
HPRegen 0.21/turn               o - +4 ring of evasion
MPRegen 0.12/turn               g - +4 ring of evasion

@: weakened
A: claws 1, icy blue scales 2, foul stench 1, demonic magic 1
a: Renounce Religion, Berserk, Trog's Hand


You were on level 8 of the Dungeon.
You worshipped Trog.
Trog was most pleased with you.
You visited 1 branch of the dungeon, and saw 8 of its levels.

You collected 338 gold pieces.


Innate Abilities, Weirdness & Mutations

You have sharp fingernails.
You are mostly covered in icy blue scales. (AC +3)
You may rarely emit foul miasma when damaged in melee.
Spells you cast may paralyse adjacent enemies.


   Skills:
 + Level 3.9 Fighting
 - Level 13.4 Long Blades
 - Level 1.7 Armour
 - Level 1.7 Dodging


You had 9 spell levels left.
You didn't know any spells.
Your spell library contained the following spells:

 Spells                   Type           Power      Damage    Failure   Level
 Gell's Gravitas          Tloc           0%         N/A       100%        3
 Ignite Poison            Fire/Tmut/Pois 0%         N/A       100%        3
 Lesser Beckoning         Tloc           0%         N/A       100%        3
 Mephitic Cloud           Conj/Pois/Air  0%         N/A       100%        3
 Teleport Other           Tloc           0%         N/A       100%        3
 Freezing Cloud           Conj/Ice/Air   0%         6-21      100%        5

Inventory:

Hand Weapons
 a - a +0 falchion {long}
 v - a +0 hunting sling of freezing {sling}
   (You took it off a centaur on level 4 of the Dungeon)
 H - a +5 mace {mace}
   (You took it off a wight on level 6 of the Dungeon)
 N - a +0 falchion of electrocution (weapon) {long}
   (You took it off an orc on level 7 of the Dungeon)
Missiles
 f - 173 stones (quivered) {throwing}
 r - 2 boomerangs {throwing}
 D - 3 throwing nets {=f!fthrowing}
Armour
 b - a +0 animal skin
 c - a +1 helmet (worn)
   (You found it on level 1 of the Dungeon)
 k - a +0 plate armour (worn)
   (You took it off a hobgoblin on level 2 of the Dungeon)
Magical Staves
 L - a staff of air {forbidden!astaff}
   (You found it on level 7 of the Dungeon)
Jewellery
 d - a ring of resist corrosion
   (You found it on level 1 of the Dungeon)
 g - a +4 ring of evasion (right claw)
   (You found it on level 1 of the Dungeon)
 m - an amulet of regeneration {@e2}
   (You found it on level 3 of the Dungeon)
 o - a +4 ring of evasion (left claw)
   (You found it on level 3 of the Dungeon)
 t - the amulet "Henyiq" {Spirit rElec Dex+2 SInv}
   (You acquired it on level 7 of the Dungeon)

   [amulet of guardian spirit]

   It causes incoming damage to be divided between your reserves of health and
   magic.
   Dex:       It affects your dexterity (+2).
   rElec:     It insulates you from electricity.
   SInv:      It lets you see invisible.
 y - a ring of protection from cold
   (You found it on level 5 of the Dungeon)
 z - a ring of protection from fire
   (You found it on level 5 of the Dungeon)
 C - a ring of flight
   (You found it on level 5 of the Dungeon)
 I - a +6 ring of strength
   (You found it on level 6 of the Dungeon)
Wands
 p - a wand of charming (11)
   (You found it on level 3 of the Dungeon)
Scrolls
 e - 2 scrolls of enchant weapon
 i - 2 scrolls of teleportation {@r4}
 n - a scroll of noise {!r}
 s - 2 scrolls of identify {@r1}
 A - 2 scrolls of amnesia {unknown}
 E - a scroll of immolation {unknown}
 G - a scroll of silence {unknown}
 J - a scroll of magic mapping {unknown}
Potions
 h - 3 potions of attraction {unknown}
 j - 2 potions of brilliance
 l - 5 potions of curing {unknown}
 q - 3 potions of haste {unknown}
 w - a potion of lignification {!q}
 F - a potion of mutation {unknown}
 K - a potion of might {unknown}

Dungeon Overview and Level Annotations

Branches:
Dungeon (8/15)             Temple (0/1) D:5
   Lair: D:8-11

Altars:
Cheibriados
Sif Muna
Trog
Vehumet
Xom
Yredelemnul

Shops:
D:7 (

Annotations:
D:6 2 runed translucent doors, Psyclone's ghost, novice OpIE

....#.....#...
.............
............#
............#
..(.........# ...(.......#
....(......# #.
#......@..# #.
#......)..##### ≈. #.
...........##.# ... ..
#.............### ....##.#
##.c...#####....#
....#..####......#......##
.......##........##.##..#
####....†.......8...8.8.#
#.#.....#>..............#


You could see a centaur.


Message History

The troll seems to slow down.
The troll bites you but does no damage.
The troll claws you but does no damage. x2
The orange demon stings you but does no damage.
The orange demon hits you but does no damage. 😨 HP[+1]
You hit the orange demon but do no damage.
The centaur hits you but does no damage.
The centaur kicks you but does no damage.
The centaur hits you but does no damage.
The centaur kicks you but does no damage.
The troll is engulfed in dark miasma.
The troll looks as sick as possible!
The troll bites you but does no damage. The troll claws you.
* * * LOW HITPOINT WARNING * * *
The troll claws you.
* * * LOW HITPOINT WARNING * * *
😱 HP[-3]
You take 3 damage, and now have 22/94 hp.
As you read the scroll of fear, it crumbles to dust.
You assume a fearsome visage.
The troll looks frightened!
The orange demon easily resists.
The centaur looks frightened!
You kill the troll!
Trog accepts your kill. The orange demon stings you.
* * * LOW HITPOINT WARNING * * *
The orange demon hits you but does no damage.
The orange demon stings you but does no damage.
The orange demon hits you.
* * * LOW HITPOINT WARNING * * *
You feel as though you will be weak longer.
You have reached level 10!
Your demonic ancestry asserts itself...
Your fingernails lengthen. 😱 HP[-6] MP[+1]
You now have 105 max hp (+11).
Your mp is fully restored (10).
Okay, then.
As you read the scroll labelled VAUDGH WU TIETZ, it crumbles to dust.
It is a scroll of enchant armour.
Your +0 helmet glows green for a moment.
The orange demon stings you but does no damage.
The orange demon hits you but does no damage. 😱 HP[+2]
You regained 2 hp, and now have 18/105 hp.
You hit the orange demon.
You kill the orange demon!
Trog accepts your kill. 😱 HP[+1]
You now have 106 max hp (+1).
A centaur is nearby!
Unknown command.
You feel the effects of Trog's Hand fading. 😱 HP[+2]
You regained 2 hp, and now have 21/106 hp. 😱 HP[+2]
You regained 2 hp, and now have 23/106 hp. 😱 HP[+2]
You regained 2 hp, and now have 25/106 hp.
Your skin stops crawling.
You feel less strong-willed. 😱 HP[+1]
Your transformation is almost over.
You feel yourself speed up. 😨 HP[+1]
You start resting.
A centaur is nearby! 😨 HP[+1] Unknown command.
Unknown command.
The centaur wields a +0 shortbow.
The centaur shoots an arrow.
The arrow hits you!
* * * LOW HITPOINT WARNING * * *
😱 HP[-9]
You take 9 damage, and now have 19/106 hp.
You feel less wooden.
Your +1 helmet unmelds from your body.
Your +0 plate armour unmelds from your body.
The centaur shoots an arrow.
The arrow closely misses you. 😱 HP[-6]
You now have 71 max hp (-35).
The centaur shoots an arrow.
The arrow misses you.
The centaur shoots an arrow.
The arrow closely misses you.
The centaur shoots an arrow.
The arrow hits you.
* * * LOW HITPOINT WARNING * * *
😱 HP[-6]
You take 6 damage, and now have 7/71 hp.
The centaur shoots an arrow.
The arrow hits you but does no damage. 😱 HP[+1]
You are too injured to fight recklessly!
Aiming: Charm
Press: ? - help, Shift-Dir - straight line, f - centaur
Aim: a centaur, wielding a +0 shortbow (chance to affect: 49%)
The centaur resists with some effort.
The centaur shoots an arrow.
The arrow hits you but does no damage.
Aiming: Charm
Press: ? - help, Shift-Dir - straight line, f/p - centaur
Aim: a centaur, wielding a +0 shortbow (chance to affect: 49%)
The centaur resists with some effort.
You recover from your berserk rage.
The centaur shoots an arrow.
The arrow hits you.
* * * LOW HITPOINT WARNING * * *
The centaur shoots an arrow.
The arrow hits you!
You die...

Skill      XL: |  1  2  3  4  5  6  7  8  9 |
---------------+----------------------------+-----
Long Blades    | 3 4 5 6 7 9 11 13 | 13.4
Fighting       | |  3.9
Armour         | |  1.7
Dodging        | |  1.7

Action                   |  1- 3 |  4- 6 |  7- 9 | 10-12 || total
-------------------------+-------+-------+-------+-------++-------
Melee: Falchion          |   140 |   271 |   655 |     1 ||  1067
       Punch             |     2 |     2 |     7 |       ||    11
Throw: Stone             |     9 |    50 |    44 |       ||   103
Invok: Berserk           |     3 |     4 |    14 |       ||    21
       Trog's Hand       |       |       |     2 |       ||     2
Evoke: Wand              |       |       |       |     2 ||     2
  Use: Potion            |       |     1 |     4 |       ||     5
       Scroll            |       |       |     8 |     1 ||     9
 Stab: Sleeping          |     2 |       |       |       ||     2
Armor: Animal skin       |    26 |       |       |       ||    26
       Plate armour      |    14 |   194 |   328 |     2 ||   538
       Skin              |       |       |    57 |     2 ||    59
Dodge: Dodged            |    91 |   148 |   526 |     3 ||   768

Levels and vault maps discovered:
D:1:      tarquinn_simple_flora_water_f, layout_basic, basic_ecumenical_altar
D:2:      layout_rooms, minmay_misc_feat_alley
D:3:      layout_rooms, uniq_natasha
D:4:      layout_basic, minmay_liquid_box, minmay_a_box_with_orc_wizards_in_it
D:5:      layout_cave_pools, xom_confusion_cloud, minmay_temple_entry_wispy,
          portal_sewer_entry_c, minmay_misc_feat_doors
D:6:      layout_loops_ring, lemuel_crystal_altar, ebering_ghost_sewer_f,
          dk_rats_in_the_wall
D:7:      layout_gridville, nicolae_overflow_quartered_altars, serial_shops,
          shop
D:8:      layout_cave_pools, erik_lair_island, serial_column_ruins,
          column_ruins_square_medium, column_ruins_grid_1,
          column_ruins_corridor_T, column_ruins_open_tiny,
          column_ruins_corridor_T, column_ruins_corridor_dead_end,
          column_ruins_grid_1, column_ruins_grid_1, chequers_avenue,
          kennysheep_nondescript, uniq_amaemon

Notes
Turn   | Place    | Note
-------+----------+-------------------------------------------
     0 | D:1      | spaghetti the Demonspawn Berserker began the quest for the
                  | Orb.
     0 | D:1      | Reached XP level 1. HP: 18/18 MP: 1/1
     0 | D:1      | magus.rc [v1.9.6]
     0 | D:1      | magus.rc [v1.9.6]
   276 | D:1      | Reached skill level 3 in Long Blades
   437 | D:1      | Gained mutation: You are partially covered in icy blue
                  | scales. (AC +2) [demonic ancestry]
   437 | D:1      | Reached XP level 2. HP: 19/24 MP: 2/2
   689 | D:1      | Found a faded altar of an unknown god.
   934 | D:1      | You pick up a book of Displacement {forbidden} and begin
                  | reading...
   934 | D:1      | You add the spells Lesser Beckoning, Gell's Gravitas and
                  | Teleport Other to your library.
  1030 | D:2      | Reached XP level 3. HP: 29/29 MP: 3/3
  1117 | D:2      | Reached skill level 4 in Long Blades
  1852 | D:3      | Noticed Natasha
  1861 | D:3      | Killed Natasha
  1862 | D:3      | Reached XP level 4. HP: 35/35 MP: 4/4
  1913 | D:3      | Reached ** piety under Trog
  1914 | D:3      | HP: 8/35 [poisoned by an adder]
  1921 | D:3      | Noticed Natasha
  2199 | D:3      | Killed Natasha
  2200 | D:3      | Reached skill level 5 in Long Blades
  2453 | D:3      | Noticed Natasha
  2463 | D:3      | Killed Natasha
  2464 | D:3      | Reached XP level 5. HP: 33/41 MP: 5/5
  2936 | D:4      | Reached skill level 6 in Long Blades
  3101 | D:4      | Gained mutation: You are mostly covered in icy blue scales.
                  | (AC +3) [demonic ancestry]
  3101 | D:4      | Reached XP level 6. HP: 47/47 MP: 6/6
  3166 | D:4      | You add the spells Ignite Poison, Mephitic Cloud and
                  | Freezing Cloud to your library.
  3299 | D:4      | Reached skill level 7 in Long Blades
  3528 | D:4      | Gained mutation: You may rarely emit foul miasma when
                  | damaged in melee. [demonic ancestry]
  3528 | D:4      | Reached XP level 7. HP: 52/52 MP: 7/7
  3751 | D:4      | Reached skill level 8 in Long Blades
  3832 | D:5      | Entered Level 5 of the Dungeon
  4087 | D:5      | Found a shimmering altar of Xom.
  4103 | D:5      | Reached skill level 9 in Long Blades
  4103 | D:5      | Reached XP level 8. HP: 58/58 MP: 8/8
  4186 | D:5      | Reached *** piety under Trog
  4513 | D:5      | Reached skill level 10 in Long Blades
  4542 | D:5      | Found a staircase to the Ecumenical Temple.
  4771 | D:6      | Found a runed translucent door.
  4779 | D:6      | Noticed Psyclone's ghost (novice OpIE)
  4840 | D:6      | Found a runed translucent door.
  5297 | D:6      | Reached skill level 11 in Long Blades
  5350 | D:6      | Found a radiant altar of Vehumet.
  5359 | D:6      | Gained mutation: Spells you cast may paralyse adjacent
                  | enemies. [demonic ancestry]
  5359 | D:6      | Reached XP level 9. HP: 60/60 MP: 9/9
  5734 | D:7      | Found Betrenuge's Weapon Shoppe.
  5884 | D:7      | Reached skill level 12 in Long Blades
  6035 | D:7      | Found a snail-covered altar of Cheibriados.
  6049 | D:7      | Found a basalt altar of Yredelemnul.
  6065 | D:7      | Found a bloodstained altar of Trog.
  6114 | D:7      | Reached **** piety under Trog
  6156 | D:7      | Identified a scroll of acquirement
  6161 | D:7      | Acquired the amulet "Henyiq" {Spirit rElec Dex+2 SInv}
  6657 | D:7      | Found a shimmering blue altar of Sif Muna.
  7040 | D:8      | Noticed an orange demon
  7041 | D:8      | Noticed Amaemon
  7061 | D:8      | Killed Amaemon
  7062 | D:8      | Reached skill level 13 in Long Blades
  7064 | D:8      | Noticed a troll
  7077 | D:8      | HP: 23/94 [troll (4)]
  7081 | D:8      | Killed a troll
  7082 | D:8      | Gained mutation: You have sharp fingernails. [demonic
                  | ancestry]
  7082 | D:8      | Reached XP level 10. HP: 16/70 MP: 10/10
  7083 | D:8      | Killed an orange demon
  7096 | D:8      | HP: 19/106 [centaur/arrow (9)]
  7099 | D:8      | HP: 7/71 [centaur/arrow (6)]
  7102 | D:8      | Shot with an arrow by a centaur

Vanquished Creatures
  Amaemon (D:8)
  An orange demon (D:8)
  A troll (D:8)
  A water moccasin (D:6)
  An ice beast (D:6)
  2 black bears
  2 ogres
  A centaur (D:4)
  A phantom (D:5)
  3 bullfrogs
  3 necrophages
  2 scorpions
  6 wights
  9 killer bees (D:7)
  A jelly (D:5)
  5 gnoll shamans
  3 orc priests
  8 hounds
  Natasha (thrice) (D:3)
  7 iguanas
  9 orc wizards
  10 adders
  21 gnolls
  3 shadow imps
  2 white imps
  An ufetubus (D:4)
  2 worms
  3 dart slugs (D:1)
  12 orcs
  11 endoplasms
  2 giant cockroaches
  8 hobgoblins
  2 jackals (D:2)
  3 quokkas
  5 ball pythons
  2 bats
  4 frilled lizards
  3 goblins
  3 kobolds
  5 rats
172 creatures vanquished.

Table legend:
 A = Non-vault XP
 B = Vault XP
 C = Vault XP percentage of total XP
 D = Non-vault monster count
 E = Vault monster count
 F = Vault count percentage of total count
                 A         B        C        D         E       F
            +---------+---------+-------+---------+---------+-------
      Total |    4170 |    1976 |  32.2 |     155 |      17 |   9.9
            +---------+---------+-------+---------+---------+-------
        D:1 |      37 |       0 |   0.0 |      20 |       0 |   0.0
        D:2 |      40 |       0 |   0.0 |      13 |       0 |   0.0
        D:3 |     146 |      36 |  19.8 |      19 |       1 |   5.0
        D:4 |     843 |     232 |  21.6 |      31 |       6 |  16.2
        D:5 |     450 |     225 |  33.3 |      15 |       7 |  31.8
        D:6 |    1270 |       0 |   0.0 |      32 |       0 |   0.0
        D:7 |    1247 |       0 |   0.0 |      21 |       0 |   0.0
        D:8 |     137 |    1483 |  91.5 |       4 |       3 |  42.9
            +---------+---------+-------+---------+---------+-------

Illustrated notes

Table legend:
 A = Kills in this place as a percentage of kills in entire the game.
 B = Kills by you in this place as a percentage of kills by you in the entire game.
 C = Kills by friends in this place as a percentage of kills by friends in the entire game.
 D = Other kills in this place as a percentage of other kills in the entire game.
 E = Experience gained in this place as a percentage of experience gained in the entire game.
 F = Experience gained in this place divided by the number of levels of this place that you have seen.
                   A       B       C       D       E      F
               +-------+-------+-------+-------+-------+----------------------
         Total | 100.0 | 100.0 |   N/A |   N/A | 100.0 | 768.2
       Dungeon | 100.0 | 100.0 |   N/A |   N/A | 100.0 | 768.2
               +-------+-------+-------+-------+-------+----------------------

Table legend: (Time is in decaauts)
 A = Elapsed time spent in this place.
 B = Non-inter-level travel time spent in this place.
 C = Inter-level travel time spent in this place.
 D = Time resting spent in this place.
 E = Time spent auto-exploring this place.
 F = Levels seen in this place.
 G = Mean time per level.
                   A        B        C        D        E       F      G
               +--------+--------+--------+--------+--------+-----+--------+
         Total |   7208 |   7025 |    183 |   1361 |   3950 |   8 |  901.0 |
       Dungeon |   7208 |   7025 |    183 |   1361 |   3950 |   8 |  901.0 |
               +--------+--------+--------+--------+--------+-----+--------+

Top non-repeatable levels by time:
     D:4: 1205 daAuts
     D:3: 1142 daAuts
     D:7: 1099 daAuts
     D:1: 978 daAuts
     D:6: 946 daAuts
     D:2: 834 daAuts
     D:5: 738 daAuts
     D:8: 262 daAuts
